 Dungeon Crawl Stone Soup version 0.30-a0-948-g4fa250aae5 (webtiles) character file.

Game seed: 4028063319258919031

13 jimonade the Trooper (level 2, -1/27 HPs)
             Began as a Hill Orc Fighter on Mar 26, 2023.
             Slain by a jackal (3 damage)
             ... on level 1 of the Dungeon.
             The game lasted 00:00:26 (172 turns).

jimonade the Trooper (Hill Orc Fighter)              Turns: 172, Time: 00:00:27

Health: -1/27      AC:  6    Str: 18    XL:     2   Next: 37%
Magic:  2/2        EV:  9    Int:  8    God:
Gold:   6          SH:  4    Dex: 10    Spells: 1/1 levels left

rFire   . . .      SeeInvis .    a - +0 war axe
rCold   . . .      Faith    .    c - +0 buckler
rNeg    . . .      Spirit   .    b - +0 scale mail
rPois   .          Reflect  .    (no helmet)
rElec   .          Rampage  .    (no cloak)
rCorr   .                        (no gloves)
Will    .....                    (no boots) Stlth
                                 (no amulet)
HPRegen 0.24/turn                (no ring)
MPRegen 0.08/turn                (no ring)

@: no status effects
A: no striking features
a: no special abilities


You were on level 1 of the Dungeon.
You visited 1 branch of the dungeon, and saw 1 of its levels.

You collected 6 gold pieces.

Inventory:

Hand Weapons
 a - a +0 war axe (weapon)
Armour
 b - a +0 scale mail (worn)
 c - a +0 buckler (worn)
Jewellery
 e - a +5 ring of evasion
Scrolls
 f - a scroll of identify {unknown}
Potions
 d - a potion of might


   Skills:
 + Level 3.8 Fighting
 + Level 2.8 Axes
 + Level 3.4 Armour
 + Level 3.5 Shields
 * Level 1.0 Invocations


You had one spell level left.
You didn't know any spells.
Your spell library was empty.

Dungeon Overview and Level Annotations

Branches:
Dungeon (1/15)

Altars:


Message History

You barely miss the quokka.
The quokka is heavily wounded.
You closely miss the jackal. You barely miss the quokka.
You block the jackal's attack. The quokka bites you.
* * * LOW HITPOINT WARNING * * *
The quokka barely misses you. The jackal bites you.
* * * LOW HITPOINT WARNING * * *
The quokka bites you but does no damage.
You barely miss the quokka.
The quokka is moderately wounded.
You completely miss the jackal. You miss the quokka.
The jackal barely misses you.
The quokka bites you but does no damage.
The quokka bites you.
* * * LOW HITPOINT WARNING * * *
The jackal barely misses you.
The quokka bites you but does no damage.
The quokka closely misses you.
You slash the quokka!
You kill the quokka!
You closely miss the jackal. You closely miss the quokka.
The jackal bites you but does no damage.
The quokka barely misses you. The jackal barely misses you.
The quokka barely misses you. You block the jackal's attack.
You closely miss the jackal. You barely miss the jackal. You miss the quokka.
The jackal bites you.
* * * LOW HITPOINT WARNING * * *
The jackal closely misses you.
The quokka twitches its whiskers.
The quokka bites you.
* * * LOW HITPOINT WARNING * * *
The jackal bites you but does no damage.
You block the jackal's attack.
You miss the quokka.
The quokka is almost dead.
You closely miss the jackal. You barely miss the jackal.
The jackal barely misses you.
The quokka bites you but does no damage.
The jackal bites you.
You die...

##.#r................. ....r..#..
......... ###. #..#.####......
#...####...........
#......##...####.######
#......................
#.#########......#####..##...####
#.#.#.....#...(hr# ##.##.......
#.#.#.###.#...wh@# #.....####.
#.#.#...#.################..# #.
#.#.#####.# #.........#....†####.
#.#.......# #.........#....).....
#.#.#########.........#......###.
......................#......# #.
#########.##..........#......# #.
#...###.........#......# #. #.#.#
#................# ##


You could see a dart slug, a quokka and 2 jackals.

Vanquished Creatures
  A dart slug (D:1)
  A ball python (D:1)
  An endoplasm (D:1)
  A goblin (D:1)
  A hobgoblin (D:1)
  2 jackals (D:1)
  A quokka (D:1)
  A rat (D:1)
9 creatures vanquished.

Notes
Turn   | Place    | Note
-------+----------+-------------------------------------------
     0 | D:1      | jimonade the Hill Orc Fighter began the quest for the Orb.
     0 | D:1      | Reached XP level 1. HP: 19/19 MP: 1/1
   114 | D:1      | Reached XP level 2. HP: 22/27 MP: 2/2
   165 | D:1      | Reached skill level 1 in Invocations
   172 | D:1      | Slain by a jackal

Illustrated notes

Levels and vault maps discovered:
D:1:      matt_arrival_spirals, layout_basic

Skill      XL: |  1  2 |
---------------+-------+-----
Invocations    | 1 |  1.0
Fighting       | |  3.8
Axes           | |  2.8
Armour         | |  3.4
Shields        | |  3.5

Action                     || total
---------------------------++-------
  Melee: War axe           ||    23
 Armour: Scale mail        ||    31
  Dodge: Dodged            ||    24
  Block: Buckler           ||     7

Table legend: (Time is in decaauts)
 A = Elapsed time spent in this place.
 B = Non-inter-level travel time spent in this place.
 C = Inter-level travel time spent in this place.
 D = Time resting spent in this place.
 E = Time spent auto-exploring this place.
 F = Levels seen in this place.
 G = Mean time per level.
                   A        B        C        D        E       F      G
               +--------+--------+--------+--------+--------+-----+--------+
         Total |    180 |    180 |      0 |      0 |    120 |   1 |  180.0 |
       Dungeon |    180 |    180 |      0 |      0 |    120 |   1 |  180.0 |
               +--------+--------+--------+--------+--------+-----+--------+

Top non-repeatable levels by time:
     D:1: 180 daAuts
